 Dungeon Crawl Stone Soup version 0.31.0-11-ge490571c62 (webtiles) character file.

Game seed: 12554383050954399899

21518 Arcadio the Grappler (level 12, 0/123 HPs)
             Began as a Troll Delver on Jan 27, 2024.
             Was a High Priest of Dithmenos.
             Slain by a five-headed hydra (8 damage)
             ... in a Gauntlet.
             The game lasted 00:28:20 (11520 turns).

Arcadio the Grappler (Troll Delver)                Turns: 11520, Time: 00:28:21

Health: 0/123      AC:  9    Str: 27    XL:     12   Next: 54%
Magic:  0/14       EV: 17    Int:  6    God:    Dithmenos [*****.]
Gold:   854        SH:  0    Dex: 11    Spells: 11/11 levels left

rFire   . .          .
                       - Unarmed
rCold   . . .        (no shield)
rNeg    . . .        P - +0 steam dragon scales
rPois   +            (helmet restricted)
rElec   .            x - +0 cloak
rCorr   .            (gloves unavailable)
SInv    .            (boots unavailable)
Will    .....        i - amulet of guardian spirit
Stlth   +++++        N - ring of poison resistance
HPRegen 1.20/turn    D - +5 ring of evasion
MPRegen 0.14/turn

%: no teleportation, guardian spirit
@: slowed, wreathed by umbra, very slow
A: large, unfitting armour, claws 3, regeneration 1, shaggy fur 1, tough skin 1
a: Renounce Religion, Shadow Step, Shadow Form


You were in a Gauntlet.
You worshipped Dithmenos.
Dithmenos was extremely pleased with you.
You visited 3 branches of the dungeon, and saw 15 of its levels.
You also visited: Ossuary and Gauntlet.

You collected 854 gold pieces.

Inventory:

Missiles
 z - a throwing net (quivered)
Armour
 x - a +0 cloak (worn)
 P - +0 steam dragon scales (worn)
 Q - the +3 hat of Pondering {ponderous, Will+ MP+10 Int+5}
   (You took it off Gastronok on level 11 of the Dungeon)

   Int+5:     It affects your intelligence (+5).
   Will+:     It increases your willpower.
   MP+10:     It affects your magic capacity (+10).
Jewellery
 a - an amulet of the acrobat
 h - a ring of positive energy
 i - an amulet of guardian spirit (around neck)
 D - a +5 ring of evasion (right claw)
 F - a +6 ring of dexterity
 G - a ring of willpower
 J - a ring of magical power
 M - a ring of protection from fire
 N - a ring of poison resistance (left claw)
 O - a +4 ring of protection
 R - the ring "Qasepuly" {rPois rN+}
   (You found it in a Gauntlet)

   [ring of poison resistance]

   rPois:     It protects you from poison rN+: It protects you from negative
   energy.
Wands
 f - a wand of digging (1)
 C - a wand of flame (5)
 H - a wand of roots (7)
 I - a wand of mindburst (10)
Scrolls
 b - 6 scrolls of fog
 c - 2 scrolls of revelation
 d - 5 scrolls of fear
 m - 4 scrolls of poison
 o - 6 scrolls of teleportation
 r - 4 scrolls of identify
 s - 3 scrolls of immolation
 u - 4 scrolls of blinking {unknown}
 v - 3 scrolls of vulnerability
 w - 4 scrolls of enchant weapon {unknown}
 y - a scroll of amnesia
 A - a scroll of butterflies {unknown}
 E - 2 scrolls of torment
 K - a scroll of acquirement {unknown}
 L - 3 scrolls of enchant armour
Potions
 e - a potion of haste
 g - a potion of heal wounds
 j - 2 potions of resistance {unknown}
 k - 6 potions of curing
 l - 3 potions of cancellation
 n - a potion of enlightenment {unknown}
 p - a potion of invisibility
 q - 2 potions of magic
 t - 2 potions of mutation
 B - a potion of ambrosia {unknown}


   Skills:
 + Level 9.1 Fighting
 + Level 4.2 Armour
 - Level 7.6 Dodging
 + Level 7.2 Stealth
 + Level 10.6 Unarmed Combat
 + Level 4.6 Invocations


You had 11 spell levels left.
You didn't know any spells.
Your spell library contained the following spells:

 Spells                   Type           Power      Damage    Failure   Level
 Lesser Beckoning         Tloc           0%         N/A       58%         2
 Gell's Gravitas          Tloc           0%         N/A       83%         3
 Teleport Other           Tloc           0%         N/A       83%         3


Dungeon Overview and Level Annotations

Branches:
Dungeon (12/15)            Temple (1/1) D:5            Lair (2/5) D:9
  Snake (0/4) Lair:2          Orc (0/2) D:12        Ossuary (visited)
Gauntlet (1/1)
  Swamp: Lair:2-3    Shoals: Lair:2-3

Altars:
Ashenzari
Cheibriados
Dithmenos
Elyvilon
Fedhas
Gozag
Hepliaklqana
Kikubaaqudgha
Makhleb
Nemelex Xobeh
Okawaru
Qazlal
Ru
Sif Muna
Trog
Uskayaw
Vehumet
Wu Jian
Xom
Yredelemnul
Zin
The Shining One

Shops:
D:4 :   D:8 *   D:11 (

Annotations:
Lair:1 1 runed translucent door, exclusion: 2 downstairs, Aviak's ghost, journeyman DrCA Gauntlet 8 transporters


Innate Abilities, Weirdness & Mutations

You are too large for most types of armour.
You have claws for hands.
Your natural rate of healing is unusually fast.
You are covered in fur. (AC +1)
You have tough skin. (AC +1)


Message History

You see here a potion of invisibility.
The five-headed hydra closely misses you.
The five-headed hydra bites you. The five-headed hydra bites you!
The five-headed hydra completely misses you.
The five-headed hydra misses you. The torpor snail misses you.
The five-headed hydra bites you. The five-headed hydra bites you!
The five-headed hydra closely misses you.
The five-headed hydra barely misses you.
The five-headed hydra bites you but does no damage.
There is a transporter, spattered with blood here.
You enter the transporter and appear at another place.
The five-headed hydra bites you. x2
The five-headed hydra barely misses you.
The five-headed hydra misses you.
The five-headed hydra bites you but does no damage.
The torpor snail bites you!
The five-headed hydra attacks as it pursues you!
The five-headed hydra bites you!
The five-headed hydra bites you but does no damage. x2
The five-headed hydra closely misses you.
The five-headed hydra misses you. The torpor snail barely misses you.
The five-headed hydra bites you! The five-headed hydra bites you.
The five-headed hydra closely misses you.
The five-headed hydra misses you.
The five-headed hydra barely misses you.
The five-headed hydra bites you!
The five-headed hydra bites you but does no damage. x2
The five-headed hydra bites you.
The five-headed hydra bites you but does no damage.
There is a transporter, spattered with blood here.
You enter the transporter and appear at another place.
The five-headed hydra misses you. x2; The five-headed hydra bites you!
The five-headed hydra bites you but does no damage.
The five-headed hydra bites you!
* * * LOW HITPOINT WARNING * * *
The torpor snail bites you!
* * * LOW HITPOINT WARNING * * *
The five-headed hydra barely misses you.
The five-headed hydra bites you!
You die...

#8#.....#.©.#....≈......
###...8.#...#...≈8§.
#.....#.§.#....§..
###..###########.§§#
#8#..#Y...Y...Y#...#
###..#..##Y##..#...#
#..#.##...##.#...
###..#.#.....#.#...##.#.#.#
#8#..#....@w...#...#....©..
###..#.#.D...#.#...#.#.#.#.
#..#.##...##.#...#5######
###..#..##.##..#...#5......
#8#..#..[?©.!..#...#5..?©..
###..###########...########
#........................
#≈............≈∩≈........
#########################


You could see a dire elephant, a five-headed hydra, an elephant and a torpor
snail.

Vanquished Creatures
  Gastronok (D:11)
  Josephine (D:10)
  A hydra (Lair:2)
  2 two-headed ogres
  Pikel (D:5)
  2 deep elf pyromancers
  A cyclops (D:11)
  3 black mambas
  4 cane toads
  6 komodo dragons
  8 blink frogs
  Sigmund (D:2)
  4 wyverns
  A vampire (D:9)
  3 basilisks
  3 wraiths
  20 yaks
  4 steam dragons
  A naga (Lair:2)
  An acid dragon (D:9)
  9 water moccasins
  2 ice beasts (D:8)
  An orc warrior (D:10)
  A sky beast (D:7)
  3 black bears
  4 ogres
  13 wolves
  A lemure (D:5)
  A centaur (D:8)
  2 weeping skulls (Ossuary)
  5 kobold brigands
  An elf zombie (Ossuary)
  A gnoll sergeant (D:10)
  8 bullfrogs
  3 wights (D:9)
  8 killer bees (D:9)
  An electric eel (Lair:2)
  A jelly (D:4)
  2 bombardier beetles (D:6)
  A centaur zombie (Ossuary)
  5 orc priests
  4 hounds
  2 sleepcaps
  Crazy Yiuf (D:2)
  9 iguanas
  Natasha (thrice) (D:3)
  6 orc wizards
  4 mummies (Ossuary)
  13 gnolls
  10 adders
  A shadow imp (D:8)
  6 dart slugs
  2 ribbon worms
  14 orcs
  10 ball pythons
  2 endoplasms
  4 giant cockroaches
  18 goblins
  6 hobgoblins
  8 jackals
  24 kobolds
  4 quokkas
  2 bats (D:3)
  A frilled lizard (D:1)
  3 gnoll zombies (Ossuary)
  2 kobold zombies (Ossuary)
  An orc zombie (Ossuary)
  4 rats
305 creatures vanquished.

Vanquished Creatures (others)
  Robin (D:2)
1 creature vanquished.

Grand Total: 306 creatures vanquished

Notes
Turn   | Place    | Note
-------+----------+-------------------------------------------
     0 | D:5      | Arcadio the Troll Delver began the quest for the Orb.
     0 | D:5      | Reached XP level 1. HP: 22/22 MP: 0/0
    28 | D:5      | Noticed an ogre
    35 | D:5      | Found a staircase to the Ecumenical Temple.
    42 | Temple   | Entered the Ecumenical Temple
    62 | Temple   | Became a worshipper of Dithmenos the Shadowed
    86 | D:5      | HP: 1/22 [ogre/+0 giant spiked club (17)]
    95 | D:5      | Noticed a hound
   179 | D:4      | Noticed a hound
   185 | D:4      | Killed a hound
   186 | D:4      | Reached XP level 2. HP: 25/29 MP: 1/1
   186 | D:4      | Reached XP level 3. HP: 31/36 MP: 2/2
   277 | D:4      | Found Tush's Book Boutique.
   331 | D:5      | Found a sand-covered staircase.
   337 | Ossuary  | Entered an ossuary
   361 | Ossuary  | Reached XP level 4. HP: 8/44 MP: 0/3
   468 | Ossuary  | Noticed a weeping skull
   478 | Ossuary  | Killed a weeping skull
   479 | Ossuary  | Reached skill level 3 in Unarmed Combat
   479 | Ossuary  | Reached XP level 5. HP: 47/53 MP: 4/4
   552 | Ossuary  | Reached XP level 6. HP: 61/61 MP: 2/5
   647 | D:5      | Reached * piety under Dithmenos
   709 | D:5      | Reached skill level 4 in Unarmed Combat
   865 | D:4      | Reached XP level 7. HP: 59/68 MP: 4/6
   970 | D:3      | Found a hazy altar of Hepliaklqana.
  1001 | D:3      | Noticed Natasha
  1020 | D:3      | Killed Natasha
  1021 | D:3      | Found a sacrificial altar of Ru.
  1482 | D:3      | Noticed Natasha
  1484 | D:3      | Found a faded altar of an unknown god.
  1492 | D:3      | Killed Natasha
  1536 | D:3      | Noticed Natasha
  1540 | D:3      | Killed Natasha
  1636 | D:3      | Found an ancient bone altar of Kikubaaqudgha.
  1650 | D:3      | Found a broken altar of Ashenzari.
  1653 | D:3      | Found a bloodstained altar of Trog.
  1656 | D:3      | Found an opulent altar of Gozag.
  2073 | D:1      | Reached ** piety under Dithmenos
  2715 | D:2      | Noticed Robin
  2737 | D:2      | Killed Robin
  2779 | D:2      | Noticed Sigmund
  2788 | D:2      | Killed Sigmund
  2799 | D:2      | Identified the +1 hammer of Xom's Whim {flame, rElec rF++
                  | rC+ Int+2}
  2801 | D:2      | Found a runed translucent door.
  2802 | D:2      | Noticed Crazy Yiuf
  2811 | D:2      | Killed Crazy Yiuf
  3410 | D:4      | Reached XP level 8. HP: 79/79 MP: 7/7
  3440 | D:4      | Reached *** piety under Dithmenos
  3441 | D:4      | Reached skill level 5 in Unarmed Combat
  3747 | D:4      | Reached skill level 5 in Fighting
  4465 | D:5      | Noticed Pikel
  4496 | D:5      | Killed Pikel
  4497 | D:5      | Reached skill level 5 in Dodging
  4497 | D:5      | Reached skill level 6 in Unarmed Combat
  4727 | D:6      | Reached XP level 9. HP: 83/88 MP: 6/8
  5616 | D:7      | Found a glowing silver altar of Zin.
  5694 | D:7      | Reached skill level 5 in Stealth
  5912 | D:7      | Noticed a deep elf pyromancer
  5932 | D:7      | Killed a deep elf pyromancer
  5933 | D:7      | Reached skill level 7 in Unarmed Combat
  6203 | D:8      | Found Sovuurum's Assorted Antiques.
  6220 | D:8      | Reached XP level 10. HP: 51/100 MP: 4/9
  6245 | D:8      | Reached **** piety under Dithmenos
  7121 | D:9      | Noticed a two-headed ogre
  7146 | D:9      | Killed a two-headed ogre
  7147 | D:9      | Reached skill level 8 in Unarmed Combat
  7500 | D:9      | Found a staircase to the Lair.
  7702 | D:9      | Reached ***** piety under Dithmenos
  7885 | Lair:1   | Entered Level 1 of the Lair of Beasts
  7894 | Lair:1   | Reached XP level 11. HP: 64/109 MP: 5/10
  8014 | D:9      | Reached skill level 9 in Unarmed Combat
  8253 | Lair:1   | Reached skill level 1 in Invocations
  8309 | Lair:1   | Reached skill level 1 in Armour
  8472 | Lair:1   | Found a runed translucent door.
  8817 | Lair:1   | Found a shimmering altar of Xom.
  8817 | Lair:1   | Noticed Aviak's ghost (journeyman DrCA)
  8818 | Lair:1   | Noticed a +2 quarterstaff of chaos
  8818 | Lair:1   | Found the +8 pair of quick blades "Gyre" and "Gimble"
                  | {protect}
  8851 | Lair:2   | Noticed an eight-headed hydra
  8940 | Lair:2   | Noticed a seven-headed hydra
  8953 | Lair:2   | Killed an eight-headed hydra
  9450 | Lair:2   | Found a staircase to the Snake Pit.
  9530 | Lair:2   | Reached skill level 10 in Unarmed Combat
  9530 | Lair:2   | Reached XP level 12. HP: 108/122 MP: 11/13
  9764 | Lair:2   | Identified the +10 plate armour "Ymiweytu" {rCorr}
  9888 | D:10     | Entered Level 10 of the Dungeon
  9938 | D:10     | HP: 5/122 [burnt (9)]
 10279 | D:10     | Found a glowing golden altar of the Shining One.
 10338 | D:10     | Noticed Josephine
 10365 | D:10     | Killed Josephine
 10577 | D:10     | Noticed a two-headed ogre
 10582 | D:10     | Killed a two-headed ogre
 10859 | D:10     | Found a shimmering blue altar of Sif Muna.
 10924 | D:11     | Found Qeyg's Weapon Shoppe.
 10926 | D:11     | Noticed Gastronok
 10973 | D:11     | Killed Gastronok
 11366 | D:12     | Found a gate leading to a gauntlet.
 11375 | Gauntlet | Entered a Gauntlet
 11375 | Gauntlet | Found a transporter.
 11375 | Gauntlet | Found a transporter.
 11376 | Gauntlet | Found a transporter.
 11380 | Gauntlet | Noticed a tengu warrior
 11389 | Gauntlet | Found a transporter.
 11399 | Gauntlet | Found a transporter.
 11414 | Gauntlet | Found a transporter.
 11424 | Gauntlet | Found a transporter.
 11424 | Gauntlet | Noticed a tengu warrior
 11439 | Gauntlet | Found a transporter.
 11445 | Gauntlet | Found a transporter.
 11459 | Gauntlet | Found a transporter.
 11474 | Gauntlet | Noticed a dire elephant
 11477 | Gauntlet | Found a transporter.
 11486 | Gauntlet | Noticed a five-headed hydra
 11513 | Gauntlet | Identified the ring "Qasepuly" {rPois rN+}
 11520 | Gauntlet | Slain by a five-headed hydra

Illustrated notes

Levels and vault maps discovered:
D:1:      dpeg_arrival_erosion, layout_loops_ring
D:2:      layout_rooms, uniq_robin, uniq_crazy_yiuf_cottage, uniq_sigmund
D:3:      layout_basic, mainiacjoe_overflow_tiny_flanked,
          nicolae_overflow_hallway_of_the_gods,
          hellmonk_ecumenical_altar_arch_garden, amcnicky_mini_pool_small,
          chequers_serial_rivers_micro_b, uniq_natasha
D:4:      layout_basic, serial_shops, shop, guppyfry_early_lair_pool
D:5:      layout_gridville, minmay_temple_entry_metal_lava,
          portal_sewer_entry_a, enter_ossuary_1, minmay_strange_pillars,
          uniq_pikel
D:6:      layout_basic
D:7:      layout_rooms, amcnicky_altar_gilded, guppyfry_early_elven_hall
D:8:      layout_basic, serial_shops, nicolae_shop_tiny_glass
D:9:      layout_loops_ring, erik_lair_dragon, kennysheep_nondescript
D:10:     layout_roguey, tso_metal_star, mainiacjoe_overflow_alcove_1,
          uniq_josephine
D:11:     layout_basic, serial_shops, nicolae_diamond_shop,
          nicolae_shop_hallway_stairs, nicolae_shop_behind_doors, uniq_gastronok
D:12:     layout_basic, minmay_orc_entry_guard_dogs, gauntlet_entry_generic,
          chequers_big_river, minmay_unpleasant_kobolds, uniq_snorg
Temple:   hellmonk_temple_forest_ring
Lair:1:   layout_chaotic_city, ebering_ghost_xom, grunt_megastairs_2
Lair:2:   layout_gridlike, guppyfry_snake_entry_island,
          grunt_forest_small_clearing_treed
Gauntlet: gammafunk_gauntlet_shortcut [gammafunk_gauntlet_arena_hedges,
          gammafunk_gauntlet_arena_split_diamond,
          gammafunk_gauntlet_arena_split_x, gammafunk_gauntlet_arena_mazey,
          nicolae_gauntlet_arena_quarters, gammafunk_gauntlet_arena_teeth,
          gauntlet_exit_green]

Skill      XL: |  1  2  3  4  5  6  7  8  9 10 11 12 |
---------------+-------------------------------------+-----
Dodging        | 2 3 4 5 6 7 |  7.6
Stealth        | 3 4 5 6 7 |  7.2
Fighting       | 3 4 5 6 7 8 9 |  9.1
Unarmed Combat | 3 4 6 7 8 10 | 10.6
Invocations    | 3 4 |  4.6
Armour         | 2 4 |  4.2

Action                     |  1- 3 |  4- 6 |  7- 9 | 10-12 || total
---------------------------+-------+-------+-------+-------++-------
  Melee: Unarmed           |    24 |    88 |   383 |   610 ||  1105
         Punch             |       |     1 |     9 |    38 ||    48
  Evoke: Wand              |       |       |       |    12 ||    12
    Use: Scroll            |       |       |     9 |     5 ||    14
         Potion            |       |       |       |     3 ||     3
   Stab: Sleeping          |       |       |    21 |     9 ||    30
 Armour: Robe              |    14 |    47 |   196 |     3 ||   260
         Steam dragon scal |       |       |       |   334 ||   334
  Dodge: Dodged            |     9 |    31 |   262 |   653 ||   955
